 Dungeon Crawl Stone Soup version 0.27-a0-1202-ge72e49191c (webtiles) character file.

Game seed: 16894016797934685704

17 mordus the Magician (level 2, 16/22 HPs)
             Began as a Djinni Earth Elementalist on June 2, 2021.
             Was a Follower of Uskayaw.
             Quit the game on level 1 of the Dungeon.
             The game lasted 00:01:43 (318 turns).

mordus the Magician (Djinni Earth Elementalist)      Turns: 318, Time: 00:01:44

Health: 16/22      AC:  2    Str:  7    XL:     2   Next: 80%
Gold:   12         EV: 12    Int: 16    God:    Uskayaw [*.....] SH:  0 Dex: 13

rFire    + + .     SeeInvis .   d - +0 dagger
rCold    x . .     Faith    .   (no shield)
rNeg     . . .     Spirit   .   c - +0 robe
rPois    ∞         Reflect  .   (no helmet)
rElec    .         Harm     .   (no cloak)
rCorr    .         Rampage  .   (no gloves)
Will     .....                  (boots unavailable)
Stlth    ++........             (no amulet)
HPRegen  0.07/turn              (no ring)
MPRegen  0.00/turn              (no ring)

@: flying
A: sickness immunity, fire resistance 2, cold vulnerability 1, float, innate
caster, hp casting, extra vitality 1
a: Renounce Religion, Stomp


You were on level 1 of the Dungeon.
You worshipped Uskayaw.
Uskayaw was noncommittal.
You visited 1 branch of the dungeon, and saw 1 of its levels.

You collected 12 gold pieces.

Inventory:

Hand Weapons
 d - a +0 dagger (weapon)
Missiles
 b - 26 stones
Armour
 c - a +0 robe (worn)
Jewellery
 a - an amulet of regeneration
Potions
 e - 2 potions of heal wounds {unknown}
 f - a potion of magic {unknown}


   Skills:
 + Level 1.0 Fighting
 - Level 2.1 Dodging
 - Level 1.5 Stealth
 * Level 2.9 Spellcasting


You couldn't memorise any spells.
You knew the following spells:

 Your Spells              Type           Power      Damage    Failure   Level
a - Sandblast             Erth           22%        2d7       6%          1
b - Passwall              Tmut/Erth      9%         N/A       9%          2
c - Stone Arrow           Conj/Erth      22%        3d8       17%         3
d - Petrify               Tmut/Erth      11%        N/A       50%         4
e - Lee's Rapid Deconstr  Erth           5%         3d7*      85%         5
Your spell library was empty.

Dungeon Overview and Level Annotations

Branches:
Dungeon (1/15)

Altars:
Uskayaw


Innate Abilities, Weirdness & Mutations

You are immune to sickness and miasma.
You are immune to poison.
Your flesh is very heat resistant. (rF++)
You are vulnerable to cold. (rC-)
You float through the air rather than walking.
You learn spells naturally, not from books.
Your magical power is your life essence.
You have superior vitality. (+4 HP)


Message History

Okay, then.
You cannot tell which god this altar belongs to.
Convert to them anyway? [Y]es or [N]o only, please.
You cannot tell which god this altar belongs to.
Convert to them anyway?
Uskayaw accepts your prayer! Uskayaw welcomes you!
You can now stomp with the beat.
There is a huge open gate here.
There is a huge open gate here.
You reach down and open the door.
A ball python and a rat come into view.
Found 12 gold pieces.
There is an open door here.
Found a fizzy cyan potion.
The helpless rat fails to defend itself.
You hit the rat.
You kill the rat!
The helpless ball python fails to defend itself.
You hit the ball python.
You kill the ball python!
You now have 12 gold pieces.
f - a fizzy cyan potion You reach down and open the door.
There is an open door here.
You reach down and open the door.
There is an open door here.
An endoplasm comes into view.
The endoplasm quivers.
The endoplasm hits you but does no damage.
You hit the endoplasm.
The endoplasm is heavily wounded.
The endoplasm freezes you.
You are frozen!
You feel a terrible chill!
You hit the endoplasm.
You kill the endoplasm!
You reach down and open the door.
Found a hunting sling.
There is an open door here.
Char dumped successfully.
Are you sure you want to abandon this character and quit the game? (Confirm with "yes".)

# ## .## ..## ####+#
...## #....# #...##
#....# ##...## #....#
###...##########..).#
# ##...#.......'@...#
# ##..#.#######...##
####...#.# #...#
..#....#.# #####
#.#.<.##.# ..#....#.#
####...#.# # ##..#.#
# ##..##.#


There were no monsters in sight!

Vanquished Creatures
  A gnoll (D:1)
  An endoplasm (D:1)
  A giant cockroach (D:1)
  2 goblins (D:1)
  2 ball pythons (D:1)
  A rat (D:1)
8 creatures vanquished.

Notes
Turn   | Place    | Note
-------+----------+-------------------------------------------
     0 | D:1      | mordus the Djinni Earth Elementalist began the quest for
                  | the Orb.
     0 | D:1      | Reached XP level 1. HP: 15/15 MP: 0/0
   115 | D:1      | Reached XP level 2. HP: 17/22 MP: 0/0
   122 | D:1      | Reached skill level 1 in Fighting
   257 | D:1      | Found a faded altar of an unknown god.
   263 | D:1      | Became a worshipper of Uskayaw the Reveller
   263 | D:1      | Reached * piety under Uskayaw
   318 | D:1      | Quit the game

Illustrated notes

Levels and vault maps discovered:
D:1:      dpeg_chamrin_arrival_tetris, layout_basic,
          hellmonk_ecumenical_altar_heavens_door, grunt_decor_arrowhead,
          st_stairs_3, minmay_tiny_reverse_x

Skill      XL: |  1  2 |
---------------+-------+-----
Fighting       | 1 |  1.0
Dodging        | |  2.1
Stealth        | |  1.5
Spellcasting   | |  2.9

Action                   || total
-------------------------++-------
Melee: Dagger            ||     6
 Cast: Sandblast         ||     4
 Stab: Sleeping          ||     3
Armor: Robe              ||     2
Dodge: Dodged            ||     3

Table legend: (Time is in decaauts)
 A = Elapsed time spent in this place.
 B = Non-inter-level travel time spent in this place.
 C = Inter-level travel time spent in this place.
 D = Time resting spent in this place.
 E = Time spent auto-exploring this place.
 F = Levels seen in this place.
 G = Mean time per level.
                   A        B        C        D        E       F      G
               +--------+--------+--------+--------+--------+-----+--------+
         Total |    317 |    317 |      0 |      0 |    256 |   1 |  317.0 |
       Dungeon |    317 |    317 |      0 |      0 |    256 |   1 |  317.0 |
               +--------+--------+--------+--------+--------+-----+--------+

Top non-repeatable levels by time:
     D:1: 317 daAuts
